 Dungeon Crawl Stone Soup version 0.32-a0-18-g89e19f1974 (webtiles) character file.

Game seed: 12807138022862585790

30 Gargoyl the Trooper (level 3, -3/24 HPs)
             Began as a Gargoyle Berserker on Jan 16, 2024.
             Was a Follower of Trog.
             Slain by a ribbon worm (4 damage)
             ... on level 2 of the Dungeon.
             The game lasted 00:01:08 (895 turns).

Gargoyl the Trooper (Gargoyle Berserker)             Turns: 895, Time: 00:01:09

Health: -3/24      AC:  8    Str: 20    XL:     3   Next: 18%
Magic:  3/3        EV: 11    Int:  7    God:    Trog [*.....]
Gold:   12         SH:  0    Dex: 11    Spells: 2/2 levels left

rFire   . . .        a - +0 hand axe
rCold   . . .        (no shield)
rNeg    + . .        d - +0 ring mail
rPois   ∞            (no helmet)
rElec   +            (no cloak)
rCorr   .            (no gloves)
SInv    .            (no boots)
Will    .....        (no amulet)
Stlth   +            (no ring)
HPRegen 0.24/turn    (no ring)
MPRegen 0.08/turn

%: no passive effects
@: mighty, on berserk cooldown
A: sickness immunity, AC +3, negative energy resistance 1, electricity
resistance, torment resistance 1, petrification resistance, hooves 2,
deterioration 1
a: Renounce Religion, Berserk


You were on level 2 of the Dungeon.
You worshipped Trog.
Trog was aware of your devotion.
You visited 1 branch of the dungeon, and saw 2 of its levels.

You collected 12 gold pieces.

Inventory:

Hand Weapons
 a - a +0 hand axe (weapon)
Armour
 d - a +0 ring mail (worn)
Scrolls
 b - 3 scrolls of identify
 f - a scroll of enchant weapon {unknown}


   Skills:
 + Level 3.7 Fighting
 + Level 3.2 Axes
 + Level 2.3 Armour
 + Level 1.9 Dodging


You had 2 spell levels left.
You didn't know any spells.
Your spell library was empty.

Dungeon Overview and Level Annotations

Branches:
Dungeon (2/15)

Altars:


Innate Abilities, Weirdness & Mutations

You are immune to sickness and miasma.
Your stone body is resilient. (AC +3)
You are immune to poison.
You resist negative energy. (rN+)
You are resistant to electric shocks. (rElec)
You are resistant to unholy torment.
You are immune to petrification.
You have hoof-like feet.
Your body sometimes deteriorates upon taking damage.


Message History

The ribbon worm is lightly wounded.
The ribbon worm expels a string of sticky webbing.
The stream of webbing hits you but does no damage.
You are caught in a web!
The web tears apart.
The ribbon worm closely misses you.
A frilled lizard comes into view.
The ribbon worm bites you but does no damage.
You barely miss the ribbon worm.
The frilled lizard hisses angrily.
The ribbon worm bites you but does no damage.
The ribbon worm expels a string of sticky webbing.
The stream of webbing hits you but does no damage.
You are caught in a web!
The web tears apart.
The ribbon worm bites you but does no damage.
Okay, then.
You hit the ribbon worm. You punch the ribbon worm.
The ribbon worm is moderately wounded.
The ribbon worm bites you.
You hit the ribbon worm.
The ribbon worm is heavily wounded.
You miss the frilled lizard. The ribbon worm bites you.
The frilled lizard barely misses you.
The ribbon worm expels a string of sticky webbing.
The stream of webbing hits you but does no damage.
You are caught in a web!
The frilled lizard bites you.
You feel very mighty all of a sudden.
You feel yourself speed up. The frilled lizard bites you.
* * * LOW HITPOINT WARNING * * *
The ribbon worm bites you.
* * * LOW HITPOINT WARNING * * *
It was a potion of mutation.
You feel extremely strange.
Your feet thicken and deform. x2; You feel yourself wasting away.
The frilled lizard bites you.
* * * LOW HITPOINT WARNING * * *
The ribbon worm bites you but does no damage.
Unknown command.
The web tears apart.
The frilled lizard closely misses you. The ribbon worm bites you.
You die...

#### #... ########'####
###.# #...........#
..... #...........#
...... #####...........#
......
.............#####......
......l†.....†.........#
......w@.....†).........
##....##########......#
#.... #.........+ #...
#.##......# .....
###.######+#.. #...
#......# . ##..
#...†..### #....<...#
#........#


You could see a ribbon worm and a frilled lizard.

Vanquished Creatures
  A ribbon worm (D:2)
  2 dart slugs
  2 ball pythons (D:1)
  An endoplasm (D:2)
  A giant cockroach (D:1)
  A goblin (D:2)
  2 hobgoblins (D:1)
  4 jackals (D:1)
  4 bats
  A frilled lizard (D:1)
  3 rats
22 creatures vanquished.

Notes
Turn   | Place    | Note
-------+----------+-------------------------------------------
     0 | D:1      | Gargoyl the Gargoyle Berserker began the quest for the Orb.
     0 | D:1      | Reached XP level 1. HP: 14/14 MP: 1/1
   198 | D:1      | Reached XP level 2. HP: 19/19 MP: 2/2
   689 | D:1      | Found a faded altar of an unknown god.
   856 | D:2      | Reached XP level 3. HP: 24/24 MP: 3/3
   894 | D:2      | Gained mutation: You have large cloven feet. [potion of
                  | mutation]
   894 | D:2      | Gained mutation: You have hoof-like feet. [potion of
                  | mutation]
   894 | D:2      | Gained mutation: Your body sometimes deteriorates upon
                  | taking damage. [potion of mutation]
   894 | D:2      | HP: 1/24 [frilled lizard (3)]
   895 | D:2      | Slain by a ribbon worm

Illustrated notes

Levels and vault maps discovered:
D:1:      dpeg_arrival_arbitrary_b, layout_basic,
          hellmonk_ecumenical_altar_inner_sanctum, st_stairs_9,
          bh_walls_and_bars
D:2:      layout_basic

Skill      XL: |  1  2 |
---------------+-------+-----
Axes           | 3 |  3.2
Fighting       | |  3.7
Armour         | |  2.3
Dodging        | |  1.9

Action                     || total
---------------------------++-------
  Melee: Hand axe          ||    78
         Punch             ||     1
 Invoke: Berserk           ||     1
    Use: Scroll            ||     1
         Potion            ||     2
 Armour: Ring mail         ||    54
         Animal skin       ||     2
  Dodge: Dodged            ||    73

Table legend: (Time is in decaauts)
 A = Elapsed time spent in this place.
 B = Non-inter-level travel time spent in this place.
 C = Inter-level travel time spent in this place.
 D = Time resting spent in this place.
 E = Time spent auto-exploring this place.
 F = Levels seen in this place.
 G = Mean time per level.
                   A        B        C        D        E       F      G
               +--------+--------+--------+--------+--------+-----+--------+
         Total |    921 |    897 |     24 |      0 |    648 |   2 |  460.5 |
       Dungeon |    921 |    897 |     24 |      0 |    648 |   2 |  460.5 |
               +--------+--------+--------+--------+--------+-----+--------+

Top non-repeatable levels by time:
     D:1: 841 daAuts
     D:2: 80 daAuts
